 Dungeon Crawl Stone Soup version 0.31-a0-231-g51bb95cda3 (webtiles) character file.

Game seed: 8755852428133484363

233 qw the Shooter (level 6, -6/35 HPs)
             Began as a Gargoyle Hexslinger on July 6, 2023.
             Mangled by Prince Ribbit (8 damage)
             ... on level 5 of the Dungeon.
             The game lasted 00:00:41 (2149 turns).

qw the Shooter (Gargoyle Hexslinger)                Turns: 2149, Time: 00:00:41

Health: -6/35      AC: 14    Str: 11    XL:     6   Next: 4%
Magic:  7/7        EV: 10    Int: 14    God:
Gold:   109        SH:  0    Dex: 14    Spells: 6/7 levels left

rFire   . . .        Y - +4 sling (flame)
rCold   + . .        (no shield)
rNeg    + . .        i - +0 ring mail
rPois   inf          (no helmet)
rElec   +            (no cloak)
rCorr   .            (no gloves)
SInv    .            (no boots)
Will    .....        (no amulet)
Stlth   +            k - ring of protection from cold
HPRegen 0.25/turn    f - +4 ring of protection
MPRegen 0.10/turn

%: no passive effects
@: no status effects
A: sickness immunity, AC +4, negative energy resistance 1, electricity
resistance, torment resistance 1, petrification resistance
a: no special abilities


You were on level 5 of the Dungeon.
You visited 1 branch of the dungeon, and saw 5 of its levels.

You collected 109 gold pieces.


Innate Abilities, Weirdness & Mutations

You are immune to sickness and miasma.
Your stone body is resilient. (AC +4)
You are immune to poison.
You resist negative energy. (rN+)
You are resistant to electric shocks. (rElec)
You are resistant to unholy torment.
You are immune to petrification.


   Skills:
 - Level 2.0 Fighting
 + Level 4.9 Ranged Weapons
 - Level 3.1 Armour
 - Level 1.5 Dodging
 - Level 1.0 Spellcasting
 - Level 2.6 Hexes


You had 6 spell levels left.
You knew the following spells:

 Your Spells              Type           Power      Damage    Failure   Level
a - Slow                  Hex            32%        N/A       21%         1

Your spell library contained the following spells:

 Spells                   Type           Power      Damage    Failure   Level
 Inner Flame              Hex/Fire       4%         N/A       71%         3
 Portal Projectile        Hex/Tloc       8%         N/A       71%         3
 Cause Fear               Hex            4%         N/A       89%         4

Inventory:

Hand Weapons
 Y - a +4 sling of flaming (weapon)
Armour
 i - a +0 ring mail (worn)
 l - a +0 pair of gloves
Jewellery
 c - a ring of resist corrosion
 f - a +4 ring of protection (right hand)
 k - a ring of protection from cold (left hand)
Scrolls
 e - a scroll of identify
Potions
 a - a potion of resistance {unknown}
 b - a potion of degeneration {unknown}
 d - a potion of invisibility {unknown}
 g - a potion of attraction {unknown}
 h - a potion of curing
 j - a potion of enlightenment {unknown}

Dungeon Overview and Level Annotations

Branches:
Dungeon (6/15)
 Temple: D:4-7

Altars:

Shops:
D:2 (

Annotations:
D:5 Prince Ribbit


Message History

You shoot a sling bullet.
The sling bullet closely misses the quokka.
The quokka closely misses you.
You shoot a sling bullet. The sling bullet hits the quokka!
The sling bullet burns the quokka.
You kill the quokka!
You see here a quokka corpse.
Found a robe.
l - a +0 pair of gloves Prince Ribbit comes into view.
Prince Ribbit croaks.
Prince Ribbit moves out of view.
Prince Ribbit hits you.
You shoot a sling bullet.
The sling bullet closely misses Prince Ribbit.
Prince Ribbit hits you but does no damage.
Prince Ribbit barely misses you.
You shoot a sling bullet. The sling bullet hits Prince Ribbit.
The sling bullet burns Prince Ribbit.
Prince Ribbit is lightly wounded.
Prince Ribbit blinks!
You shoot a sling bullet. The sling bullet hits Prince Ribbit.
The sling bullet burns Prince Ribbit.
Prince Ribbit is moderately wounded.
You shoot a sling bullet. The sling bullet hits Prince Ribbit.
The sling bullet burns Prince Ribbit.
Prince Ribbit is heavily wounded.
Prince Ribbit blinks!
You shoot a sling bullet. The sling bullet misses Prince Ribbit.
Prince Ribbit hits you!
You shoot a sling bullet. The sling bullet hits Prince Ribbit!
The sling bullet burns Prince Ribbit.
Prince Ribbit is almost dead.
Prince Ribbit hits you. x2
You shoot a sling bullet.
The sling bullet barely misses Prince Ribbit.
Prince Ribbit hits you!
You shoot a sling bullet. The sling bullet misses Prince Ribbit.
Prince Ribbit hits you. Prince Ribbit hits you!
You die...

#.....#
#..##.#..#
#........#
###.###....#
#.....# ...#
#.#.#.#.#....
#.#...#.#.###
#.##### ....
#.#######.###.#..
#........@.......
#########F#.#.##.
....# ##...#
#####


You could see Prince Ribbit.

Vanquished Creatures
  An ogre (D:5)
  A scorpion (D:5)
  5 adders
  A worm (D:2)
  2 orcs
  4 endoplasms
  3 giant cockroaches
  3 goblins
  3 hobgoblins
  3 quokkas
  3 ball pythons
  2 bats
  3 frilled lizards
  A kobold (D:3)
  2 rats
37 creatures vanquished.

Notes
Turn   | Place    | Note
-------+----------+-------------------------------------------
     0 | D:1      | qw the Gargoyle Hexslinger began the quest for the Orb.
     0 | D:1      | Reached XP level 1. HP: 12/12 MP: 2/2
     0 | D:1      | 0 ||| qw: Version: 0.3-a-46-gb1f654a
     0 | D:1      | 0 ||| qw: Game counter: 1928
     0 | D:1      | 0 ||| qw: Melee chars always use a shield: true
     0 | D:1      | 0 ||| qw: God list: Okawaru
     0 | D:1      | 0 ||| qw: Allow faded altars: false
     0 | D:1      | 0 ||| qw: Do Orc after clearing Dungeon:15 true
     0 | D:1      | 0 ||| qw: Do second Lair branch before Depths: true
     0 | D:1      | 0 ||| qw: Lair rune preference: random
     0 | D:1      | 0 ||| qw: Goals: Normal
     0 | D:1      | 0 ||| PLANNING D:1-11
   303 | D:1      | Reached XP level 2. HP: 12/16 MP: 3/3
   885 | D:1      | 885 ||| UPGRADING to +0 leather armour.
   895 | D:1      | 895 ||| DROPPING +0 robe.
   896 | D:1      | 896 ||| UPGRADING to ring of protection from cold.
   897 | D:1      | 897 ||| READING scroll labelled XAMMOMMA SYMAOQ.
   898 | D:1      | 898 ||| READING scroll labelled WIR RULITEUM KONGA.
   899 | D:1      | 899 ||| READING scroll labelled ENKACR DISOKKI.
   900 | D:1      | 900 ||| READING 2 scrolls labelled ZAKIUM SISEUMP.
   901 | D:1      | 901 ||| READING scroll labelled YSOV YHIAKH.
   902 | D:1      | 902 ||| DROPPING scroll of poison.
   903 | D:1      | 903 ||| DROPPING scroll of revelation.
  1044 | D:2      | Reached skill level 3 in Ranged Weapons
  1102 | D:2      | 1102 ||| READING scroll of enchant weapon.
  1102 | D:2      | 1102 ||| ENCHANTING +2 sling of flaming.
  1332 | D:2      | Reached XP level 3. HP: 21/21 MP: 4/4
  1598 | D:2      | Found Olaom's Antique Weapon Emporium.
  1621 | D:2      | 1621 ||| READING scroll of enchant weapon.
  1621 | D:2      | 1621 ||| ENCHANTING +3 sling of flaming.
  1838 | D:2      | 1838 ||| UPGRADING to +4 ring of protection.
  1839 | D:2      | 1839 ||| READING scroll labelled DIWKOZX KEAXU.
  1840 | D:2      | 1840 ||| READING scroll labelled PACKECHAPSOL.
  1843 | D:2      | 1843 ||| DRINKING 2 viscous sapphire potions.
  1844 | D:2      | 1844 ||| DRINKING 2 metallic silvery potions.
  1845 | D:2      | 1845 ||| DRINKING 2 metallic blue potions.
  1871 | D:2      | 1871 ||| DROPPING potion of lignification.
  1955 | D:3      | Reached XP level 4. HP: 26/26 MP: 5/5
  1982 | D:3      | Reached skill level 4 in Ranged Weapons
  1984 | D:3      | You fall into a shaft and drop 3 floors!
  1985 | D:6      | 1985 ||| UPGRADING to +0 ring mail.
  1995 | D:6      | 1995 ||| DROPPING +0 leather armour.
  2004 | D:5      | Entered Level 5 of the Dungeon
  2031 | D:5      | Noticed an ogre
  2035 | D:5      | HP: 2/26 [ogre/+0 giant club (24)]
  2036 | D:5      | 2036 ||| DRINKING potion of heal wounds.
  2037 | D:5      | Killed an ogre
  2038 | D:5      | Reached skill level 3 in Armour
  2038 | D:5      | Reached XP level 5. HP: 16/30 MP: 6/6
  2101 | D:5      | Reached XP level 6. HP: 35/35 MP: 7/7
  2140 | D:5      | Noticed Prince Ribbit
  2148 | D:5      | HP: 8/35 [Prince Ribbit (11)]
  2149 | D:5      | HP: 2/35 [Prince Ribbit (6)]
  2149 | D:5      | Mangled by Prince Ribbit

Levels and vault maps discovered:
D:1:      pf_arrival_petrified_forest, layout_basic
D:2:      layout_loops_corners, serial_shops, nicolae_shop_trees,
          kennysheep_nub, corexii_corridor_pit
D:3:      cheibrodos_old_hovel, layout_rooms
D:5:      layout_basic, minmay_temple_entry_drinking_statues,
          gammafunk_ghost_stat_death, uniq_prince_ribbit1
D:6:      layout_rooms

Skill      XL: |  1  2  3  4 |
---------------+-------------+-----
Ranged Weapons | 3 4 |  4.9
Fighting       | 2 |  2.0
Armour         | 3 |  3.1
Dodging        | |  1.5
Spellcasting   | |  1.0
Hexes          | |  2.6

Action                     |  1- 3 |  4- 6 || total
---------------------------+-------+-------++-------
   Fire: Sling             |    74 |    31 ||   105
    Use: Scroll            |     9 |       ||     9
         Potion            |     3 |     1 ||     4
 Armour: Leather armour    |     3 |     9 ||    12
         Ring mail         |       |     2 ||     2
  Dodge: Dodged            |     6 |     6 ||    12

Table legend:
 A = Non-vault XP
 B = Vault XP
 C = Vault XP percentage of total XP
 D = Non-vault monster count
 E = Vault monster count
 F = Vault count percentage of total count
                 A         B        C        D         E       F
            +---------+---------+-------+---------+---------+-------
      Total |     333 |       0 |   0.0 |      37 |       0 |   0.0
            +---------+---------+-------+---------+---------+-------
        D:1 |      15 |       0 |   0.0 |      10 |       0 |   0.0
        D:2 |      38 |       0 |   0.0 |      13 |       0 |   0.0
        D:3 |      53 |       0 |   0.0 |       9 |       0 |   0.0
        D:5 |     227 |       0 |   0.0 |       5 |       0 |   0.0
            +---------+---------+-------+---------+---------+-------
